 Seeded DCSS version 0.30-a0-1066-g63dfefce0d (webtiles) character file.

Game seed: 3197891053798171883 (custom seed)

452 Twinkles the Stinger (level 7, -1/42 (46) HPs)
             Began as an Octopode Wanderer on Apr 12, 2023.
             Was a Follower of Lugonu.
             Slain by an orc
             ... wielding a +0 trident
              (7 damage)
             ... on level 5 of the Dungeon.
             The game lasted 00:06:33 (3084 turns).

Twinkles the Stinger (Octopode Wanderer)            Turns: 3084, Time: 00:06:34

HP:   -1/42 (46)    AC:  1    Str: 15    XL:     7   Next: 5%
MP:   5/8           EV: 12    Int: 13    God:    Lugonu [*.....]
Gold: 192           SH:  0    Dex: 11    Spells: 4/8 levels left

rFire   . . .      SeeInvis .    d - +2 dagger (drain)
rCold   . . .      Faith    .    (no shield)
rNeg    . . .      Spirit   .    (helmet restricted)
rPois   +          Reflect  .    (no amulet)
rElec   .          Rampage  .    n - ring of wizardry
rCorr   .                        p - ring of poison resistance
Will    .....                    (no ring)
Stlth   ++                       (no ring)
HPRegen 0.27/turn                (no ring)
MPRegen 0.11/turn                (no ring)
                                 (no ring)
                                 (no ring)

@: confused, drained
A: almost no armour, amphibious, 8 rings, camouflage 1, gelatinous body 1,
(nimble swimmer 1), tentacles
a: Renounce Religion, Depart the Abyss


You were on level 5 of the Dungeon.
You worshipped Lugonu.
Lugonu was aware of your devotion.
You visited 1 branch of the dungeon, and saw 5 of its levels.

You collected 192 gold pieces.

Inventory:

Hand Weapons
 a - a +0 trident
 c - a +0 dagger
 d - a +2 dagger of draining (weapon)
Missiles
 b - 23 poisoned darts (quivered)
Jewellery
 n - a ring of wizardry (left tentacle)
 p - a ring of poison resistance (right tentacle)
Scrolls
 e - a scroll of fear {unknown}
 g - a scroll of amnesia {unknown}
 h - a scroll of vulnerability {unknown}
 j - a scroll of enchant armour {unknown}
 l - 3 scrolls of poison {unknown}
 m - 5 scrolls of identify {unknown}
 o - a scroll of teleportation {unknown}
 q - a scroll of enchant weapon {unknown}
Potions
 f - 2 potions of mutation {unknown}
 i - a potion of heal wounds {unknown}
 k - a potion of curing {unknown}
 r - 2 potions of brilliance {unknown}
 T - a potion of berserk rage


   Skills:
 + Level 3.4 Fighting
 - Level 3.0 Polearms
 - Level 1.0 Throwing
 + Level 3.8 Stealth
 + Level 2.6 Unarmed Combat
 - Level 1.0 Spellcasting
 + Level 2.4 Conjurations
 + Level 2.6 Air Magic
 + Level 5.0 Poison Magic


You had 4 spell levels left.
You knew the following spells:

 Your Spells              Type           Power      Damage    Failure   Level
a - Sting                 Tmut/Pois      28%        1d4       4%          1
b - Mephitic Cloud        Conj/Pois/Air  9%         N/A       9%          3

Your spell library contained the following spells:

 Spells                   Type           Power      Damage    Failure   Level
 Freeze                   Ice            0%         1d3       12%         1
 Slow                     Hex            0%         N/A       12%         1
 Hailstorm                Conj/Ice       3%         3d3       21%         3
 Vhi's Electric Charge    Tloc/Air       8%         N/A       21%         3
 Confusing Touch          Hex            0%         N/A       32%         3
 Frozen Ramparts          Ice            0%         1d1       32%         3
 Inner Flame              Hex/Fire       0%         N/A       32%         3
 Vampiric Draining        Necr           0%         2d6       32%         3
 Flame Wave               Conj/Fire      3%         2d5       52%         4
 Sticky Flame             Conj/Fire      3%         2d3       52%         4
 Arcjolt                  Conj/Air       3%         1d13      69%         5
 Plasma Beam              Fire/Air       2%         2x1d13    100%        6


Dungeon Overview and Level Annotations

Branches:
Dungeon (5/15) Zot: 25859
 Temple: D:4-7

Altars:
Ru
Zin
The Shining One
Lugonu

Shops:
D:4 =


Innate Abilities, Weirdness & Mutations

You cannot wear most types of armour.
You are amphibious.
You can wear up to eight rings at the same time.
Your skin changes colour to match your surroundings (Stealth+).
Your rubbery body absorbs attacks. (AC +1, EV +1)
((You are camouflaged when in or above water. (Stealth+)))
You have tentacles for arms and can constrict up to eight enemies at once.


Message History

The orc wizard hits you with a +2 dagger of draining.
You feel drained. The orc hits you with a +0 mace.
You are too injured to fight recklessly!
You are too injured to fight recklessly!
You are too injured to fight recklessly!
Cast which spell? (? or * to list)
Okay, then.
Unknown command.
Cast which spell? (? or * to list)
Aiming: Mephitic Cloud (dangerous; 9% risk of failure)
Press: ? - help, Shift-Dir - straight line The ball explodes into a vile cloud!
The stinking cloud engulfs the adder but does no damage.
The stinking cloud engulfs the orc wizard but does no damage.
The orc wizard is heavily wounded.
The stinking cloud engulfs you but does no damage.
The stinking cloud engulfs the orc but does no damage.
You constrict the orc wizard. The adder closely misses you.
The orc wizard points at you and mumbles some strange words.
You are confused.
The orc barely misses you.
You miss the adder. Your squeeze misses the adder.
You constrict the orc wizard. The adder barely misses you.
The orc wizard hits you with a +2 dagger of draining.
You feel drained. The orc hits you with a +0 mace!
The adder bites you but does no damage.
You're too confused to cast spells.
You release your grip on the orc wizard.
The orc wizard attacks as you move away!
The orc wizard hits you with a +2 dagger of draining.
You feel drained.
* * * LOW HITPOINT WARNING * * *
The orc wizard points at you and mumbles some strange words.
The puff of flame hits you.
* * * LOW HITPOINT WARNING * * *
The adder misses you. The orc attacks as you move away! The orc misses you.
The adder bites you but does no damage.
The orc hits you from afar with a +0 trident!
You die...

#>..........#
#####...........#
................#
...............).#
..................#
..................#
..........o.......#
#........So.#
#.......@o..#
#...........# #...
#...........# #...
#......?...)# #...
#...........# #...
+...........# #...
#...........#
#...##...........#
#...#......#####...


You could see an orc wizard (very drained), an adder and 2 orcs.

Vanquished Creatures
  Sigmund (D:2)
  An ogre (D:4)
  2 hounds (D:4)
  Jessica (D:2)
  An orc wizard (D:3)
  3 adders
  An ufetubus (D:4)
  2 worms
  4 dart slugs
  3 orcs
  4 ball pythons
  4 bats
  4 endoplasms
  3 giant cockroaches
  4 goblins
  3 hobgoblins
  5 jackals
  2 frilled lizards
  5 kobolds
  A rat (D:3)
54 creatures vanquished.

Notes
Turn   | Place    | Note
-------+----------+-------------------------------------------
     0 | D:1      | Twinkles the Octopode Wanderer began the quest for the Orb.
     0 | D:1      | Twinkles set off with the following items: a +0 trident, 14
                  | poisoned darts, a +0 dagger, a potion of berserk rage; and
                  | the following spell memorised: Sting; and the following
                  | spells available to memorise: Mephitic Cloud.
     0 | D:1      | Reached XP level 1. HP: 14/14 MP: 2/2
   169 | D:1      | Reached XP level 2. HP: 19/19 MP: 3/3
   242 | D:1      | Reached skill level 1 in Stealth
   969 | D:2      | Reached XP level 3. HP: 21/24 MP: 4/4
   981 | D:2      | Noticed Jessica
   989 | D:2      | Killed Jessica
   990 | D:2      | Reached skill level 1 in Unarmed Combat
   990 | D:2      | Reached skill level 1 in Conjurations
   990 | D:2      | Reached skill level 1 in Air Magic
   990 | D:2      | Reached skill level 4 in Poison Magic
   995 | D:2      | Reached XP level 4. HP: 11/30 MP: 5/5
  1169 | D:2      | Noticed Sigmund
  1183 | D:2      | Killed Sigmund
  1184 | D:2      | Reached XP level 5. HP: 32/36 MP: 6/6
  1321 | D:2      | Reached XP level 6. HP: 39/42 MP: 7/7
  1378 | D:2      | Learned a level 3 spell: Mephitic Cloud
  1899 | D:3      | Found a faded altar of an unknown god.
  1913 | D:3      | Prayed at the altar of an unknown god.
  1913 | D:3      | Became a worshipper of Lugonu the Unformed
  1913 | D:3      | Reached * piety under Lugonu
  1918 | D:3      | You fall into a shaft and drop 2 floors!
  1918 | D:5      | Entered Level 5 of the Dungeon
  1945 | D:4      | Found a glowing silver altar of Zin.
  1946 | D:4      | Found a sacrificial altar of Ru.
  2195 | D:3      | Found a glowing golden altar of the Shining One.
  2621 | D:4      | Found Ziol's One-of-a-Kind Rings.
  2708 | D:4      | HP: 7/42 [ogre/+0 giant club (35)]
  2716 | D:4      | Reached XP level 7. HP: 10/46 MP: 8/8
  3003 | D:4      | Reached skill level 5 in Poison Magic
  3083 | D:5      | HP: 12/42 [orc wizard/+2 dagger of draining (1)]
  3084 | D:5      | Slain by an orc

Illustrated notes

Levels and vault maps discovered:
D:1:      mrwooster_arrival_statue_3, layout_basic
D:2:      layout_loops_corners, uniq_sigmund, uniq_jessica
D:3:      layout_loops_ring, old_standard_altar, basic_ecumenical_altar
D:4:      layout_basic, chequers_temple_overflow_statue_of_worship,
          nicolae_shop_unique_rings
D:5:      layout_gridville

Skill      XL: |  1  2  3  4  5  6  7 |
---------------+----------------------+-----
Stealth        | 1 3 |  3.8
Unarmed Combat | 1 2 |  2.6
Conjurations   | 1 2 |  2.4
Air Magic      | 1 2 |  2.6
Poison Magic   | 4 5 |  5.0
Fighting       | 3 |  3.4
Polearms       | |  3.0
Throwing       | |  1.0
Spellcasting   | |  1.0

Action                     |  1- 3 |  4- 6 |  7- 9 || total
---------------------------+-------+-------+-------++-------
  Melee: Dagger            |    32 |    69 |     8 ||   109
         Constrict         |    10 |    16 |     2 ||    28
         Tentacles         |     6 |    14 |     1 ||    21
         Trident           |     1 |       |       ||     1
         Punch             |       |     2 |       ||     2
   Cast: Mephitic Cloud    |       |       |     1 ||     1
   Stab: Sleeping          |     3 |     9 |       ||    12
 Armour: Skin              |     3 |     2 |     3 ||     8
  Dodge: Dodged            |    13 |    37 |     8 ||    58

Table legend: (Time is in decaauts)
 A = Elapsed time spent in this place.
 B = Non-inter-level travel time spent in this place.
 C = Inter-level travel time spent in this place.
 D = Time resting spent in this place.
 E = Time spent auto-exploring this place.
 F = Levels seen in this place.
 G = Mean time per level.
                   A        B        C        D        E       F      G
               +--------+--------+--------+--------+--------+-----+--------+
         Total |   3081 |   2955 |    126 |      0 |   2508 |   5 |  616.2 |
       Dungeon |   3081 |   2955 |    126 |      0 |   2508 |   5 |  616.2 |
               +--------+--------+--------+--------+--------+-----+--------+

Top non-repeatable levels by time:
     D:2: 923 daAuts
     D:1: 874 daAuts
     D:3: 614 daAuts
     D:4: 603 daAuts
     D:5: 66 daAuts
